 Dungeon Crawl Stone Soup version 0.32-a0-43-g058985b245 (webtiles) character file.

Game seed: 16501413534900546401

253 Newt the Skirmisher (level 6, -4/38 HPs)
             Began as a Kobold Hunter on Feb 4, 2024.
             Slain by an orc
             ... wielding a +0 trident
              (7 damage)
             ... on level 3 of the Dungeon.
             The game lasted 00:02:38 (2427 turns).

Newt the Skirmisher (Kobold Hunter)                 Turns: 2427, Time: 00:02:40

Health: -4/38      AC:  5    Str:  9    XL:     6   Next: 37%
Magic:  6/6        EV: 14    Int: 10    God:
Gold:   134        SH:  0    Dex: 20    Spells: 5/5 levels left

rFire   . . .        a - +0 shortbow
rCold   . . .        (shield currently unavailable)
rNeg    . . .        c - +1 leather armour
rPois   .            (no helmet)
rElec   .            o - +0 cloak
rCorr   .            (no gloves)
SInv    .            (no boots)
Will    .....        (no amulet)
Stlth   +++          (no ring)
HPRegen 0.26/turn    (no ring)
MPRegen 0.10/turn

%: no passive effects
@: hasted, very quick
A: small, no large weapons, nightstalker 3
a: no special abilities


You were on level 3 of the Dungeon.
You visited 1 branch of the dungeon, and saw 4 of its levels.

You collected 134 gold pieces.

Inventory:

Hand Weapons
 a - a +0 shortbow (weapon)
Armour
 c - a +1 leather armour (worn)
 o - a +0 cloak (worn)
Scrolls
 b - a scroll of butterflies
 f - a scroll of silence
 g - a scroll of fog
 i - a scroll of noise
 j - a scroll of enchant armour
 k - a scroll of teleportation
 l - 2 scrolls of revelation
 n - a scroll of blinking {unknown}
Potions
 d - a potion of heal wounds
 e - a potion of might
 h - a potion of haste
 m - a potion of lignification {unknown}


   Skills:
 + Level 4.3 Fighting
 * Level 8.3 Ranged Weapons
 - Level 2.4 Dodging
 - Level 1.3 Stealth


You had 5 spell levels left.
You didn't know any spells.
Your spell library was empty.

Dungeon Overview and Level Annotations

Branches:
Dungeon (4/15)
 Temple: D:4-7

Altars:
Vehumet


Innate Abilities, Weirdness & Mutations

You are small and have problems with some larger weapons.
You are completely attuned to the shadows.


Message History

You shoot an arrow. You shoot an arrow. You shoot an arrow. Something hits you.
You shoot an arrow. Something hits you.
You shoot an arrow. Something hits you but does no damage.
An orc comes into view. It is wielding a +0 short sword.
You shoot an arrow.
You hear some strange, mumbled words.
A puff of flame appears from out of thin air!
The puff of flame hits you!
You shoot an arrow.
You hear a shout!
An orc comes into view. It is wielding a +0 falchion.
You shoot an arrow. The arrow hits the orc.
The orc is moderately wounded.
Something hits you but does no damage.
An orc comes into view. It is wielding a +0 trident.
The orc completely misses you.
You shoot an arrow. The arrow hits the orc!
You kill the orc!
Something barely misses you.
You shoot an arrow. The arrow hits the orc!
You kill the orc!
You hear a shout!
An ufetubus comes into view.
Something hits you but does no damage. The orc closely misses you.
Unknown command.
You shoot an arrow. The arrow hits the orc.
The orc is moderately wounded.
Something hits you.
The orc hits you from afar with a +0 trident!
* * * LOW HITPOINT WARNING * * *
Unknown command.
You feel yourself speed up.
You hear some strange, mumbled words.
A magic dart appears from out of thin air!
The magic dart hits you.
* * * LOW HITPOINT WARNING * * *
The orc hits you from afar with a +0 trident!
You die...

......####
#####....##
####..#
##.#####
#.....#
#####.###
#...# ###
###{####..
#@)o5#.#
####.#.#
#...#
#..)..)..
#..#####..
..# . ##


You could see an ufetubus and an orc.

Vanquished Creatures
  A phantom (D:2)
  A bombardier beetle (D:3)
  Crazy Yiuf (D:2)
  An orc wizard (D:2)
  An adder (D:2)
  An ufetubus (D:3)
  2 dart slugs
  2 ribbon worms
  6 orcs
  4 bats
  7 endoplasms
  3 giant cockroaches
  A goblin (D:2)
  5 hobgoblins
  4 jackals (D:1)
  4 quokkas
  8 ball pythons
  3 frilled lizards
  2 kobolds (D:1)
  3 rats
60 creatures vanquished.

Notes
Turn   | Place    | Note
-------+----------+-------------------------------------------
     0 | D:1      | Newt the Kobold Hunter began the quest for the Orb.
     0 | D:1      | Reached XP level 1. HP: 12/12 MP: 1/1
   113 | D:1      | Reached XP level 2. HP: 18/18 MP: 2/2
   215 | D:1      | Found a faded altar of an unknown god.
   229 | D:1      | Reached skill level 6 in Ranged Weapons
   294 | D:1      | Reached XP level 3. HP: 22/22 MP: 3/3
   804 | D:2      | Noticed a phantom
   826 | D:2      | Killed a phantom
   827 | D:2      | Reached skill level 7 in Ranged Weapons
   827 | D:2      | Reached XP level 4. HP: 10/28 MP: 4/4
   827 | D:2      | Reached XP level 5. HP: 11/32 MP: 5/5
  1138 | D:2      | You fall into a shaft and drop 2 floors!
  1141 | D:4      | Found a radiant altar of Vehumet.
  1309 | D:2      | HP: 1/33 [something/puff of flame (10)]
  2039 | D:2      | Found a runed translucent door.
  2042 | D:2      | Noticed Crazy Yiuf
  2317 | D:2      | Killed Crazy Yiuf
  2318 | D:2      | Reached skill level 8 in Ranged Weapons
  2318 | D:2      | Reached XP level 6. HP: 38/38 MP: 6/6
  2427 | D:3      | Slain by an orc

Illustrated notes

Levels and vault maps discovered:
D:1:      heliophobic_arrival_battle_scene, layout_basic,
          ebering_ecumenical_altar_mist, minmay_liquid_box
D:2:      layout_loops_ring, uniq_crazy_yiuf_cottage
D:3:      layout_rooms
D:4:      layout_rooms, grunt_gozag_breadcrumbs, amcnicky_altar_gilded,
          serial_co_window_serial, co_window_corner_a, co_window_paths_a,
          co_window_cross_1, co_window_of_opportunity_a, co_window_paths_a,
          co_window_corner_b, co_window_2corner, co_window_2corner,
          co_window_2corner, co_window_of_opportunity_c, co_window_4corner_b,
          glass_columns_a

Skill      XL: |  1  2  3  4  5 |
---------------+----------------+-----
Ranged Weapons | 6 7 8 |  8.3
Fighting       | 3 4 |  4.3
Dodging        | |  2.4
Stealth        | |  1.3

Action                     |  1- 3 |  4- 6 || total
---------------------------+-------+-------++-------
   Fire: Shortbow          |    85 |   104 ||   189
    Use: Scroll            |     5 |     1 ||     6
         Potion            |       |     4 ||     4
 Armour: Leather armour    |    32 |    49 ||    81
  Dodge: Dodged            |    49 |    43 ||    92

Table legend: (Time is in decaauts)
 A = Elapsed time spent in this place.
 B = Non-inter-level travel time spent in this place.
 C = Inter-level travel time spent in this place.
 D = Time resting spent in this place.
 E = Time spent auto-exploring this place.
 F = Levels seen in this place.
 G = Mean time per level.
                   A        B        C        D        E       F      G
               +--------+--------+--------+--------+--------+-----+--------+
         Total |   2430 |   2362 |     68 |    592 |   1420 |   4 |  607.5 |
       Dungeon |   2430 |   2362 |     68 |    592 |   1420 |   4 |  607.5 |
               +--------+--------+--------+--------+--------+-----+--------+

Top non-repeatable levels by time:
     D:2: 1209 daAuts
     D:1: 705 daAuts
     D:3: 473 daAuts
     D:4: 41 daAuts
